Map: Cerulean Fall LE

Players

Ayhtdws

  • Race: Protoss Protoss
  • League: Grandmaster
  • Spawn Location: 7:00

IIIIIIIIIII - Winner!

  • Race: Zerg Zerg
  • Spawn Location: 1:00

VOD

Have the link to the VOD?

Description

Time

  • Played on: Dec. 26, 2018, 10:07 a.m.
  • Length: 11:03
Show
View Real Time Build Order
Export as new Build Order

Ayhtdws Protoss 

Build Orders: 1 Gate Expand, Oracle Opening, Archon Immortal, Archon Drop 

Get SALT Encoding   

  12  0:00  Probe  
  13  0:13  Probe  
  14  0:20  Pylon  
  14  0:25  Probe  
  15  0:34  Probe  
  15  0:42  Probe  
  16  0:44  Gateway  
  16  0:47  Assimilator  
  17  0:52  Probe  
  18  1:04  Probe  
  19  1:21  Nexus  
  19  1:24  Probe  
  20  1:36  Cybernetics Core  
  20  1:39  Probe  
  21  1:48  Assimilator  
  21  1:51  Probe  
  22  1:54  Pylon  
  22  2:02  Probe  
  22  2:04  Adept  
  23  2:10  Probe  
  26  2:18  Probe  
  26  2:22  Stargate  
  27  2:25  Stalker  
  27  2:36  Probe  
  30  2:37  Probe  
  30  2:43  Warp Gate  
  31  2:48  Probe  
  31  2:50  Probe  
  33  2:56  Oracle  
  33  3:00  Probe  
  33  3:02  Probe  
  35  3:10  Assimilator  
  35  3:12  Probe, Assimilator  
  38  3:15  Probe  
  40  3:22  Pylon  
  40  3:25  Probe  
  41  3:27  Probe  
  41  3:33  Oracle  
  45  3:38  Probe  
  45  3:39  Gateway, Probe  
  46  3:47  Probe  
  46  3:48  Robotics Facility  
  47  3:50  Probe  
  49  4:02  Probe  
  50  4:04  Probe  
  50  4:05  Twilight Council  
  51  4:11  Pylon  
  51  4:14  Probe  
  54  4:20  Pylon  
  54  4:24  Warp Prism  
  54  4:28  Probe  
  54  4:29  Gateway  
  54  4:30  Gateway  
  53  4:31  Probe  
  56  4:40  Probe  
  56  4:43  Probe  
  55  4:56  Templar Archives  
  55  4:59  Zealot x2  
  59  5:08  Nexus  
  59  5:11  Pylon  
  59  5:13  Probe  
  59  5:14  Observer, Probe  
  62  5:22  Charge  
  62  5:33  High Templar x3  
  62  5:34  Probe x2, High Templar  
  72  5:37  Archon x2  
  72  5:41  Immortal  
  76  5:44  Probe x2  
  76  5:45  Forge  
  78  5:53  Pylon  
  78  6:02  Observer  
  78  6:03  Protoss Ground Weapons Level 1  
  78  6:11  Psionic Storm, Probe x2  
  78  6:15  Gateway  
  78  6:16  Gateway, Pylon  
  78  6:17  Robotics Facility  
  80  6:19  Immortal  
  80  6:23  Probe x2  
  82  6:27  Probe  
  87  6:35  Probe x3  
  89  6:42  Zealot x2  
  89  6:43  Zealot  
  95  6:47  Probe x2  
  95  6:50  Probe  
  95  6:52  Assimilator x2  
  98  6:54  Pylon  
  98  6:59  Probe  
  98  7:00  Probe  
  100  7:02  Probe, High Templar x2  
  100  7:03  Zealot  
  100  7:04  Zealot  
  100  7:05  Immortal  
  112  7:17  Shield Battery  
  112  7:18  Photon Cannon  
  112  7:24  Shield Battery  
  112  7:25  High Templar  
  112  7:26  High Templar  
  116  7:37  Probe  
  117  7:50  Pylon  
  117  7:51  Pylon x2  
  117  7:52  Protoss Ground Weapons Level 2, Pylon  
  117  7:56  Gateway  
  117  8:00  Gateway  
  117  8:01  Immortal  
  117  8:02  Immortal, Pylon  
  117  8:11  Zealot x4  
  117  8:12  Zealot x2  
  129  8:17  Pylon  
  129  8:18  Pylon  
  127  8:23  Probe x3  
  118  8:36  Zealot x3  
  98  8:50  Archon  
  98  8:53  Zealot x2  
  89  8:59  Probe  
  89  9:02  Probe x2  
  84  9:03  Immortal  
  84  9:04  Pylon  
  84  9:05  Pylon  
  84  9:06  High Templar x4  
  94  9:11  Probe  
  94  9:14  Probe x2  
  93  9:20  Immortal  
  93  9:23  Probe  
  92  9:26  Probe x2  
  98  9:35  Probe, High Templar  
  98  9:38  Probe, Immortal  
  102  9:44  Probe  
  107  9:48  Probe  
  107  9:52  Zealot x2  
  112  9:56  Probe  
  113  10:00  High Templar x2  
  113  10:03  Zealot x3  
  123  10:09  Zealot  
  101  10:29  Zealot x3  
  101  10:30  High Templar  
  101  10:32  High Templar  
  113  10:36  Archon, Zealot  
  72  11:00  Archon  
Show
View Real Time Build Order
Export as new Build Order

IIIIIIIIIII Zerg - Winner!

Build Orders: Hatch First, Lurkers, Roach Hydra 

Get SALT Encoding   

  12  0:01  Drone  
  13  0:12  Overlord  
  13  0:18  Drone  
  14  0:31  Drone x2  
  16  0:49  Hatchery  
  15  0:52  Drone  
  15  0:55  Drone  
  17  0:59  Drone  
  18  1:10  Extractor  
  17  1:14  Spawning Pool  
  17  1:18  Drone  
  17  1:21  Drone  
  18  1:28  Drone  
  19  1:42  Drone  
  20  1:50  Overlord  
  20  2:00  Queen x2  
  24  2:01  Zergling x2  
  24  2:02  Zergling x2  
  26  2:11  Metabolic Boost  
  26  2:12  Drone  
  26  2:14  Drone  
  28  2:23  Drone  
  28  2:24  Drone  
  30  2:40  Hatchery  
  30  2:41  Drone  
  30  2:42  Drone  
  31  2:48  Drone  
  31  2:49  Overlord  
  32  2:56  Zergling x2  
  33  3:01  Queen  
  33  3:03  Drone  
  35  3:06  Drone  
  35  3:10  Drone  
  37  3:16  Drone x4  
  37  3:19  Overlord  
  41  3:21  Drone  
  41  3:23  Drone  
  41  3:24  Drone  
  44  3:30  Overlord  
  44  3:39  Queen, Spore Crawler  
  45  3:42  Drone  
  45  3:43  Drone x2  
  45  3:48  Drone x2  
  50  3:52  Drone x2  
  50  3:54  Spore Crawler  
  49  4:05  Queen, Drone x3  
  54  4:10  Drone x3  
  57  4:17  Drone x2  
  57  4:18  Overlord  
  57  4:19  Drone  
  60  4:25  Roach Warren  
  60  4:27  Drone x2  
  61  4:32  Lair  
  61  4:33  Extractor, Drone  
  61  4:34  Extractor  
  61  4:35  Drone x2  
  62  4:44  Spore Crawler  
  62  4:45  Drone x3  
  60  4:47  Drone  
  60  4:49  Drone  
  60  4:51  Drone x2  
  63  4:55  Drone x3  
  63  4:57  Drone x2  
  69  5:00  Evolution Chamber  
  69  5:03  Overlord  
  69  5:04  Drone x2  
  70  5:11  Overlord, Drone x2  
  72  5:15  Extractor  
  72  5:16  Extractor  
  72  5:18  Roach x2, Overlord  
  72  5:21  Overlord  
  74  5:24  Roach x2  
  74  5:27  Overlord  
  78  5:29  Zerg Missile Weapons Level 1  
  78  5:31  Roach  
  78  5:33  Overlord  
  80  5:37  Hydralisk Den, Glial Reconstitution  
  80  5:42  Drone x3  
  82  5:43  Drone x3  
  82  5:49  Roach x3  
  90  5:53  Roach x2  
  90  5:54  Drone x2  
  96  5:59  Extractor  
  93  6:07  Grooved Spines  
  93  6:11  Roach x4  
  99  6:14  Overlord  
  99  6:15  Pneumatized Carapace  
  99  6:16  Hatchery  
  98  6:19  Drone  
  98  6:21  Drone  
  98  6:22  Drone  
  98  6:25  Hydralisk x3  
  103  6:31  Hydralisk  
  107  6:34  Overlord  
  107  6:37  Roach  
  107  6:39  Hydralisk x3  
  111  6:45  Overseer  
  111  6:46  Overlord  
  113  6:47  Overlord  
  113  6:48  Overlord x2  
  113  6:50  Roach  
  113  6:52  Ravager  
  116  6:58  Roach x5  
  116  6:59  Roach  
  116  7:00  Ravager  
  126  7:07  Roach  
  128  7:12  Roach x2  
  132  7:18  Muscular Augments  
  132  7:24  Roach x4  
  132  7:28  Roach x3  
  146  7:35  Roach x4  
  154  7:39  Drone x10  
  164  7:46  Drone  
  164  7:49  Lurker Den  
  164  7:50  Drone  
  165  7:53  Zerg Missile Weapons Level 2  
  165  7:55  Overlord  
  165  7:56  Overlord  
  165  7:59  Extractor  
  165  8:01  Overlord  
  165  8:03  Extractor  
  165  8:04  Overlord  
  163  8:07  Overlord  
  163  8:11  Overlord, Hydralisk x2  
  167  8:19  Overlord  
  165  8:20  Hydralisk x5  
  169  8:29  Hydralisk x5  
  177  8:37  Hydralisk  
  177  8:38  Roach, Hydralisk  
  177  8:39  Roach  
  177  8:40  Overlord  
  183  8:43  Hydralisk  
  183  8:44  Roach  
  183  8:45  Roach  
  183  8:47  Overlord  
  180  8:53  Hydralisk x2  
  180  8:54  Roach x2  
  174  8:58  Drone  
  174  8:59  Drone x2  
  174  9:01  Hydralisk  
  165  9:05  Hydralisk x2  
  165  9:08  Zergling x2  
  154  9:19  Hydralisk  
  154  9:20  Zergling x6  
  157  9:29  Spine Crawler  
  156  9:34  Zergling x28  
  170  9:38  Hatchery  
  170  9:44  Lurker x8  
  176  9:46  Zergling x8  
  176  9:49  Queen  
  182  9:53  Hydralisk  
  182  9:54  Zergling x6  
  182  9:55  Infestation Pit  
  186  10:01  Hydralisk x4  
  186  10:06  Hydralisk x2  
  196  10:11  Hydralisk x2  
  186  10:18  Hydralisk x2  
  186  10:19  Zergling x4  
  191  10:21  Hydralisk x2  
  191  10:25  Hydralisk x2  
  193  10:34  Hydralisk x3  
  196  10:38  Hydralisk x3  
  193  10:44  Zergling x6  
Tags
 
Add a new tag
Caveats
  • Supply blocks, unpowered buildings, or Contaminate may cause inaccurate times.
  • Supply counts are checked every 10 seconds.